 Dungeon Crawl Stone Soup version 0.30-a0-760-g5a9884bb7c (webtiles) character file.

Game seed: 8541825962361232814

5 KennySheep the Covered (level 1, 16/16 HPs)
             Began as a Djinni Wanderer on Feb 10, 2023.
             Got out of the dungeon alive.
             The game lasted 00:01:32 (178 turns).

KennySheep the Covered (Djinni Wanderer)             Turns: 178, Time: 00:01:33

Health: 16/16      AC:  7    Str:  9    XL:     1   Next: 88%
Gold:   0          EV:  8    Int: 18    God:
                   SH:  0    Dex:  9

rFire   + + .      SeeInvis .    a - +0 club
rCold   x . .      Faith    .    (no shield)
rNeg    . . .      Spirit   .    c - +0 scale mail
rPois   ∞          Reflect  .    (no helmet)
rElec   .          Harm     .    (no cloak)
rCorr   .          Rampage  .    (no gloves)
Will    .....                    (boots unavailable) Stlth
                                 (no amulet)
HPRegen 0.22/turn                (no ring)
MPRegen 0.00/turn                (no ring)

@: flying
A: sickness immunity, fire resistance 2, cold vulnerability 1, float, innate
caster, HP casting, extra vitality 1
a: no special abilities


You escaped.
You visited 1 branch of the dungeon, and saw 1 of its levels.

Inventory:

Hand Weapons
 a - a +0 club (weapon)
Armour
 c - a +0 scale mail (worn)
Scrolls
 b - a scroll of fear


   Skills:
 + Level 0.4 Fighting
 - Level 5.0 Armour
 - Level 1.1 Dodging
 * Level 2.6 Spellcasting


You couldn't memorise any spells.
You knew the following spells:

 Your Spells              Type           Power      Damage    Failure   Level
a - Necrotise             Necr           44%        1d6       36%         1
b - Animate Dead          Necr           11%        N/A       98%         4
c - Vampiric Draining     Necr           11%        2d6       75%         3
d - Tukima's Dance        Hex            11%        N/A       75%         3
e - Slow                  Hex            44%        N/A       36%         1

Your spell library contained the following spells:

 Spells                   Type           Power      Damage    Failure   Level


Dungeon Overview and Level Annotations

Branches:
Dungeon (1/15)

Altars:


Innate Abilities, Weirdness & Mutations

You are immune to sickness and miasma.
You are immune to poison.
Your flesh is very heat resistant. (rF++)
You are vulnerable to cold. (rC-)
You float through the air rather than walking.
You learn spells naturally, not from books.
Your magical power is your life essence.
You have superior vitality. (+4 MHP)


Message History

Press: ? - help, Q - select action, (/) - cycle Shift-Dir - straight line, f/p - kobold
Aim: a kobold, wielding a +0 club (severely wounded, chance to affect: 78%)
You miscast Necrotise.
Nothing appears to happen.
The kobold hits you but does no damage.
Aiming: Necrotise (safe; 41% risk of failure)
Press: ? - help, Q - select action, (/) - cycle Shift-Dir - straight line, f/p - kobold
Aim: a kobold, wielding a +0 club (severely wounded, chance to affect: 78%)
The kobold writhes in agony.
You kill the kobold!
The dead are walking!
Your kobold skeleton crumbles into dust!
HP restored.
Your magical contamination has completely faded away.
A quokka comes into view.
A quokka is nearby!
Casting: Necrotise (safe; 41% risk of failure)
Confirm with . or Enter, or press ? or * to list all spells.
Okay, then.
The quokka writhes in agony.
You kill the quokka!
You can't see any susceptible monsters within range! (Use Z to cast anyway.)
You swap places.
A dart slug comes into view.
A dart slug is nearby!
The dart slug launches a dart at you. The slug dart misses you.
The slug dart misses your quokka skeleton.
The dart slug writhes in agony.
The dart slug launches a dart at you. The slug dart hits you.
The dart slug writhes in agony.
You kill the dart slug!
You can't see any susceptible monsters within range! (Use Z to cast anyway.)
You start resting.
Your quokka skeleton crumbles into dust!
HP restored.
There is an open door here.
There is a staircase leading out of the dungeon here.
Are you sure you want to leave the Dungeon?
This will make you lose the game!
You have escaped!

#############
##.....@.....######
..................#####
....###'###...........##
### #...##'###'##......
#.>.#...#...##'#...
#...#...#...#..###.
######.##...#...##'
####...#..:#..
#...#...#..


There were no monsters in sight!

Vanquished Creatures
  A dart slug (D:1)
  A kobold (D:1)
  A quokka (D:1)
3 creatures vanquished.

Notes
Turn   | Place    | Note
-------+----------+-------------------------------------------
     0 | D:1      | KennySheep the Djinni Wanderer began the quest for the Orb.
     0 | D:1      | KennySheep set off with the following items: a +0 club, a
                  | scroll of fear, a +0 scale mailthe following spells
                  | memorised: Necrotise, Animate Dead, Vampiric Draining,
                  | Tukima's Dance, Slow.
     0 | D:1      | Reached XP level 1. HP: 15/15 MP: 0/0
   178 | D:$      | Got out of the dungeon alive.

Illustrated notes

Levels and vault maps discovered:
D:1:      dpeg_arrival_water_fire, layout_rooms

Action                     || total
---------------------------++-------
   Cast: Necrotise         ||     6
 Armour: Scale mail        ||     3
  Dodge: Dodged            ||     2

Table legend: (Time is in decaauts)
 A = Elapsed time spent in this place.
 B = Non-inter-level travel time spent in this place.
 C = Inter-level travel time spent in this place.
 D = Time resting spent in this place.
 E = Time spent auto-exploring this place.
 F = Levels seen in this place.
 G = Mean time per level.
                   A        B        C        D        E       F      G
               +--------+--------+--------+--------+--------+-----+--------+
         Total |    178 |    144 |     34 |     31 |     94 |   1 |  178.0 |
       Dungeon |    178 |    144 |     34 |     31 |     94 |   1 |  178.0 |
               +--------+--------+--------+--------+--------+-----+--------+

Top non-repeatable levels by time:
     D:1: 178 daAuts
